 Dungeon Crawl Stone Soup version 0.23.0 (webtiles) character file.

Game seed: 15405940625296861714

390569 Mgcat the Marksminotaur (level 22, -3/205 HPs)
             Began as a Minotaur Hunter on Feb 13, 2019.
             Was the Champion of Dithmenos.
             Slain by a hell beast (6 damage)
             ... summoned by Geryon
             ... in the Vestibule of Hell.
             The game lasted 02:52:51 (63055 turns).

Mgcat the Marksminotaur (Minotaur Hunter)          Turns: 63055, Time: 02:52:51

Health: -3/205     AC: 33    Str: 23 (24) XL:     22   Next: 60%
Magic:  24/29      EV: 19    Int:  8      God:    Dithmenos [******]
Gold:   1384       SH:  5    Dex: 13 (14) Spells: 29/32 levels left

rFire    . . .     SeeInvis +   b - +5 morningstar of Ilojikhi {crush, rN+}
rCold    . . .     Gourm    .   (no shield)
rNeg     + + +     Faith    .   O - +7 chain mail "Wioxkaire" {rN+++ rCorr Dex-3}
rPois    .         Spirit   .   t - +2 hat
rElec    .         Reflect  +   c - +2 cloak {MR+}
rCorr    +         Harm     .   h - +2 pair of gloves {Dex+3}
MR       ++...     Rnd*Rage +   W - +2 pair of boots {run}
Stlth    +++++.....             T - +5 amulet of reflection
HPRegen  0.44/turn              n - ring of see invisible {sInv, !d}
MPRegen  0.21/turn              Q - +5 ring of evasion

@: wreathed by umbra, quick
A: retaliatory headbutt, horns 2, berserk 1, deterioration 1
a: Shadow Step, Shadow Form, Renounce Religion


You were in the Vestibule of Hell.
You worshipped Dithmenos.
Dithmenos was exalted by your worship.
You were very full.

You visited 6 branches of the dungeon, and saw 32 of its levels.
You visited 1 bazaar.
You also visited: Desolation.

You collected 4923 gold pieces.
You spent 3539 gold pieces at shops.

Inventory:

Hand Weapons
 a - a +6 longbow of velocity
   (You found it in the Desolation of Salt)
 b - the +5 morningstar of Ilojikhi (weapon) {crush, rN+}
   (You took it off a deep elf annihilator on level 3 of the Elven Halls)

   It inflicts extra damage upon your enemies.
   It protects you from negative energy.
Missiles
 m - 880 arrows
 S - a throwing net {=f, !d}
Armour
 c - a +2 cloak of magic resistance (worn)
   (You took it off a draconian stormcaller on level 5 of the Depths)
 h - a +2 pair of gloves of dexterity (worn)
   (You found it in the Desolation of Salt)
 t - a +2 hat (worn)
   (You found it on level 10 of the Dungeon)
 O - the +7 chain mail "Wioxkaire" (worn) {rN+++ rCorr Dex-3}
   (You found it on level 3 of the Lair of Beasts)

   It affects your dexterity (-3).
   It renders you almost immune to negative energy.
   It provides partial protection from all sources of acid and corrosion.
 W - a +2 pair of boots of running (worn)
   (You found it on level 4 of the Depths)
Jewellery
 d - an uncursed ring of resist corrosion
   (You found it in the Desolation of Salt)
 n - a ring of see invisible (left hand) {sInv, !d}
   (You found it on level 1 of the Dungeon)
 G - an uncursed ring of protection from magic {MR+, !d}
   (You found it on level 3 of the Elven Halls)
 P - a +5 ring of strength
   (You found it on level 1 of the Depths)
 Q - a +5 ring of evasion (right hand)
   (You found it on level 6 of the Lair of Beasts)
 T - a +5 amulet of reflection (around neck)
   (You took it off an ogre mage on level 2 of the Depths)
Wands
 l - a wand of clouds (5)
   (You bought it in a shop in a bazaar)
 q - a wand of iceblast (18)
   (You found it on level 7 of the Dungeon)
 K - a wand of digging (15)
   (You found it on level 1 of the Lair of Beasts)
 M - a wand of enslavement (8)
   (You found it on level 3 of the Elven Halls)
Scrolls
 g - 12 scrolls of identify
 r - 4 scrolls of fog
 u - 3 scrolls of enchant armour
 y - 14 scrolls of remove curse
 C - 4 scrolls of magic mapping {!r}
 J - a scroll of brand weapon
 N - 5 scrolls of teleportation
Potions
 e - 3 potions of curing
 i - a potion of cancellation
 k - 3 potions of degeneration {!q}
 o - 4 potions of mutation {!q}
 L - 6 potions of lignification {!q}
 R - 4 potions of flight
 U - 2 potions of brilliance
Miscellaneous
 v - a lamp of fire (inert)
   (You found it on level 3 of the Elven Halls)
 A - a phial of floods
   (You found it on level 11 of the Dungeon)
 B - a sack of spiders
 E - a lightning rod (4/4)
   (You found it on level 4 of the Lair of Beasts)
 F - a crystal ball of energy
   (You found it on level 12 of the Dungeon)
Comestibles
 f - 26 rations


   Skills:
 + Level 19.0 Fighting
 - Level 16.0 Maces & Flails
 - Level 20.0 Bows
 - Level 4.0 Throwing
 - Level 15.0 Armour
 - Level 10.2 Dodging
 - Level 15.0 Stealth
   Level 4.0 Shields
 + Level 5.7 Spellcasting
 + Level 5.7 Hexes
 + Level 6.2 Translocations
 - Level 10.6 Invocations
 - Level 10.0 Evocations


You had 29 spell levels left.
You knew the following spells:

 Your Spells              Type           Power        Failure   Level  Hunger
a - Portal Projectile     Hex/Tloc       ##....       26%         3    ###....

Your spell library contained the following spells:

 Spells                   Type           Power        Failure   Level  Hunger
 Apportation              Tloc           ##....       9%          1    #......
 Confusing Touch          Hex            ##....       11%         1    #......
 Blink                    Tloc           N/A          12%         2    ##.....
 Slow                     Hex            ##......     16%         2    ##.....
 Gell's Gravitas          Tloc           ##........   24%         3    ###....
 Confuse                  Hex            ##......     30%         3    ###....
 Shroud of Golubria       Chrm/Tloc      #.........   41%         2    ##.....
 Ensorcelled Hibernation  Hex/Ice        #.....       45%         2    ##.....
 Recall                   Summ/Tloc      N/A          65%         3    ###....
 Dazzling Spray           Conj/Hex       #.....       69%         3    ###....
 Spectral Weapon          Hex/Chrm       #.......     69%         3    ###....
 Summon Guardian Golem    Hex/Summ       #.......     69%         3    ###....
 Animate Skeleton         Necr           N/A          71%         1    #......
 Beastly Appendage        Tmut           #.....       71%         1    #......
 Infusion                 Chrm           #...         71%         1    #......
 Magic Dart               Conj           #...         71%         1    #......
 Sandblast                Erth           #.....       71%         1    #......
 Summon Small Mammal      Summ           #...         71%         1    #......
 Call Imp                 Summ           #.......     85%         2    ##.....
 Passwall                 Tmut/Erth      #.......     85%         2    ##.....
 Poisonous Vapours        Pois/Air       #.....       85%         2    ##.....
 Searing Ray              Conj           #.....       85%         2    ##.....
 Song of Slaying          Chrm           #.......     85%         2    ##.....
 Sticks to Snakes         Tmut           #.......     85%         2    ##.....
 Throw Frost              Conj/Ice       #.....       85%         2    ##.....
 Force Lance              Conj/Tloc      #.......     96%         4    #####..
 Call Canine Familiar     Summ           #.......     97%         3    ###....
 Conjure Flame            Conj/Fire      #.......     97%         3    ###....
 Mephitic Cloud           Conj/Pois/Air  #.......     97%         3    ###....
 Regeneration             Chrm/Necr      #.........   97%         3    ###....
 Spider Form              Tmut/Pois      #.........   97%         3    ###....
 Stone Arrow              Conj/Erth      #.....       97%         3    ###....
 Fulminant Prism          Conj/Hex       #.........   97%         4    #####..
 Ice Form                 Ice/Tmut       #.......     100%        4    #####..
 Iskenderun's Mystic Bla  Conj           #.......     100%        4    #####..
 Petrify                  Tmut/Erth      #.......     100%        4    #####..
 Summon Ice Beast         Ice/Summ       #.......     100%        4    #####..
 Summon Lightning Spire   Summ/Air       #.......     100%        4    #####..
 Throw Icicle             Conj/Ice       #.......     100%        4    #####..
 Alistair's Intoxication  Tmut/Pois      #.......     100%        5    ######.
 Aura of Abjuration       Summ           #.........   100%        5    ######.
 Blade Hands              Tmut           #.........   100%        5    ######.
 Bolt of Magma            Conj/Fire/Erth #.........   100%        5    ######.
 Irradiate                Conj/Tmut      #.........   100%        5    ######.
 Iskenderun's Battlesphe  Conj/Chrm      #.......     100%        5    ######.
 Lee's Rapid Deconstruct  Erth           #.........   100%        5    ######.
 Metabolic Englaciation   Hex/Ice        #.........   100%        5    ######.
 Summon Demon             Summ           #.........   100%        5    ######.
 Venom Bolt               Conj/Pois      #.........   100%        5    ######.
 Yara's Violent Unravell  Hex/Tmut       #.........   100%        5    ######.
 Bolt of Fire             Conj/Fire      #.........   100%        6    #######
 Dispersal                Tloc           ##........   100%        6    #######
 Freezing Cloud           Conj/Ice/Air   #.........   100%        6    #######
 Hydra Form               Tmut           #.........   100%        6    #######
 Iron Shot                Conj/Erth      #.........   100%        6    #######
 Statue Form              Tmut/Erth      #........    100%        6    #######
 Dragon Form              Tmut           #.........   100%        7    #######
 Orb of Destruction       Conj           #.........   100%        7    #######
 Ring of Flames           Chrm/Fire      #.........   100%        7    #######
 Spellforged Servitor     Conj/Summ      #.........   100%        7    #######
 Controlled Blink         Tloc           N/A          100%        8    #######
 Disjunction              Tloc           ##........   100%        8    #######
 Dragon's Call            Summ           #.........   100%        9    #######


Dungeon Overview and Level Annotations

Branches:
Dungeon (15/15)            Temple (0/1) D:4            Lair (6/6) D:11
  Swamp (0/4) Lair:2        Snake (0/4) Lair:3        Slime (0/5) Lair:5
    Orc (2/2) D:10            Elf (3/3) Orc:2        Vaults (0/5) D:13
 Depths (5/5) D:15           Hell (1/1)                 Coc (0/7) Hell
    Zot (0/5) Depths:5
    Dis: Hell:1         Geh: Hell:1         Tar: Hell:1

Altars:
Ashenzari
Cheibriados
Dithmenos
Elyvilon
Fedhas
Hepliaklqana
Kikubaaqudgha
Makhleb
Nemelex Xobeh
Qazlal
Trog
Vehumet
Wu Jian
Zin
The Shining One

Shops:
D:4 [   D:9 *   D:13 :   D:14 ?   Orc:2 }(!*   Elf:1 *   Elf:2 *   Depths:5 ?(

Portals:
Hell: Depths:1 Depths:2 Depths:3 Depths:4 Depths:5
Abyss: Depths:2 Depths:4
Pandemonium: Depths:1 Depths:3
Ziggurat: Depths:1

Annotations:
Hell Geryon


Innate Abilities, Weirdness & Mutations

You reflexively headbutt those who attack you in melee.
You have a pair of horns on your head.
You tend to lose your temper in combat.
Your body sometimes deteriorates upon taking damage.


Message History

You take 20 damage, and have 40/205 hp.
Unknown command.
Unknown command.
Unknown command.
Evoke which item? (* to show all) (? for menu, Esc to quit)
Aim the lamp in which direction?
Press: ? - help, Dir - move target cursor, f/p - Geryon
Aim: Geryon (black smoke, severely wounded, poisoned, umbra)
The flames dance!
The trail of fire hits Geryon.
Geryon is severely wounded.
The trail of fire hits Geryon.
Geryon is severely wounded.
Geryon barely misses you. You furiously retaliate!
You headbutt Geryon, but do no damage. The hell beast closely misses you.
You furiously retaliate!
You headbutt the hell beast. The hell beast tramples you.
* * * LOW HITPOINT WARNING * * *
You hold your ground!
The hell beast bites you but does no damage.
The hell beast closely misses you.
The hell beast bites you but does no damage.
You block the hell beast's attack. The hell beast misses you.
You furiously retaliate!
You headbutt the hell beast! The hell beast misses you.
You take 3 damage, and have 37/205 hp.
Unknown command.
Unknown command.
Unknown command.
Unknown command.
You hit Geryon but do no damage. You headbutt Geryon, but do no damage.
Geryon is severely wounded.
The hell beast misses you. You furiously retaliate!
You headbutt the hell beast!
The hell beast tramples you but does no damage.
The hell beast misses you. You furiously retaliate!
You headbutt the hell beast. You block the hell beast's attack.
The hell beast barely misses you. You furiously retaliate!
You headbutt the hell beast!
The hell beast tramples you but does no damage.
Geryon winds a great silver horn.
The hell beast barely misses you.
The hell beast tramples you but does no damage.
Unknown command.
Unknown command.
Unknown command.
Unknown command.
You hit Geryon but do no damage.
Geryon is severely wounded.
The hell beast bites you but does no damage.
The hell beast misses you. x2
The hell beast tramples you but does no damage.
You block the hell beast's attack. x2; The hell beast bites you.
* * * LOW HITPOINT WARNING * * *
The hell beast tramples you but does no damage.
Geryon tail-slaps you!!
* * * LOW HITPOINT WARNING * * *
You take 20 damage, and have 18/205 hp.
Unknown command.
Unknown command.
Unknown command.
Unknown command.
You hit Geryon but do no damage.
Geryon is severely wounded.
Your shadow hits Geryon but does no damage.
The hell beast closely misses you. You furiously retaliate!
You headbutt the hell beast!
The hell beast tramples you but does no damage.
The hell beast bites you!
* * * LOW HITPOINT WARNING * * *
The hell beast misses you. The hell beast bites you.
* * * LOW HITPOINT WARNING * * *
The hell beast tramples you but does no damage.
You block the hell beast's attack.
The hell beast tramples you but does no damage.
The hell beast misses you. You block the hell beast's attack.
You take 16 damage, and have 2/205 hp.
Unknown command.
Unknown command.
Unknown command.
Okay, then.
Okay, then.
Unknown command.
Unknown command.
Unknown command.
Okay, then.
Unknown command.
Unknown command.
Okay, then.
Unknown command.
Unknown command.
Unknown command.
Unknown command.
Unknown command.
You sock Geryon!
Geryon is severely wounded.
The hell beast closely misses you. You block the hell beast's attack.
The hell beast bites you but does no damage.
The hell beast tramples you but does no damage.
The hell beast bites you.
You die...

##≈≈....≈≈# #
##≈≈≈....≈≈# ##
##≈≈...≈..≈≈# (##
##≈≈≈.∩...≈.≈# 2.##
##≈≈≈....§§≈≈≈# 24.##
##≈≈≈≈.≈≈§.§.≈≈# 34..#
##≈≈≈≈≈≈≈§§§§.≈≈#
4....##≈≈≈≈≈(≈≈§22§..≈#
4............(§2@2§§§≈#
(#....≈..(.≈)§§§&2.≈§≈#
.........(.(.(§§§§§§.§#
.....##≈≈≈.(≈≈≈≈§§§§≈≈#
....####≈≈≈≈≈≈≈§§§§.≈≈#
..## ##≈≈≈(≈§§≈....≈#
##≈≈(........≈#
##≈≈≈.∩≈..≈≈≈#
##≈≈≈..≈..≈≈#


You could see Geryon and 5 hell beasts.

Vanquished Creatures
  An ancient lich (Depths:2)
  2 juggernauts
  Margery (Depths:2)
  Xtahua (Depths:5)
  A golden dragon (Depths:5)
  Rupert (Lair:6)
  A lich (Depths:3)
  A quicksilver dragon (Depths:4)
  A titan (Depths:2)
  3 deep elf blademasters
  2 deep elf master archers (Elf:3)
  Kirke (D:12)
  2 sphinxes
  A shadow dragon (Depths:5)
  3 tengu reavers
  8 fire giants
  An imperial myrmidon (Desolation)
  2 balrugs
  2 deep elf sorcerers (Elf:3)
  10 frost giants
  An iron dragon (Depths:4)
  A cacodemon (Hell)
  5 deep elf elementalists
  An orc warlord (Orc:1)
  4 reapers (Depths:2)
  4 spriggan defenders
  4 draconian stormcallers (Depths:5)
  2 very ugly things
  A draconian annihilator (Depths:5)
  A caustic shrike skeleton (Depths:4)
  2 war gargoyles (Depths:2)
  11 stone giants
  Nessos (Orc:2)
  2 black draconians (Depths:5)
  3 deep elf demonologists (Elf:3)
  A green draconian (Depths:5)
  7 deep elf annihilators
  5 halazid warlocks (Desolation)
  3 vampire knights
  3 dire elephants (Lair:6)
  2 lorocyprocas (Depths:2)
  A spark wasp (Depths:3)
  A yellow draconian (Depths:5)
  3 blizzard demons
  13 fire dragons
  Snorg (Lair:6)
  4 deep elf death magi (Elf:3)
  19 ettins
  5 jiangshi
  A merfolk impaler (Depths:4)
  9 ragged hierophants (Desolation)
  A green death (Hell)
  2 yaktaur captains (Depths:3)
  3 deep elf high priests
  7 great orbs of eyes
  10 ice dragons
  7 ogre magi
  3 rakshasas
  2 vault guards (D:13)
  The ghost of Yuikono the Lord of Darkness, a journeyman DsNe of Kikubaaqudgha (D:10)
  5 servants of whispers
  15 hydras
  A hell beast (Hell)
  8 spriggan air magi
  Harold (D:7)
  8 peacekeepers (Desolation)
  25 two-headed ogres
  Erica (Lair:1)
  10 centaur warriors
  7 tengu warriors
  5 death yaks (Depths:4)
  23 dancing weapons
  An anaconda (Lair:6)
  10 deep troll earth magi
  A deep troll shaman (Depths:5)
  4 hell hogs (Depths:2)
  4 vampire magi
  9 spriggan berserkers
  9 sun demons
  2 iron golems (Depths:2)
  2 iron trolls (Depths:5)
  17 deep elf knights
  A fire crab (shapeshifter) (Depths:2)
  17 hell knights
  A sea snake (shapeshifter) (Depths:1)
  A skeletal warrior (D:15)
  4 unseen horrors
  A golden dragon zombie (Hell)
  4 glowing orange brains
  An anaconda zombie (Hell)
  A flayed ghost (Depths:3)
  22 deep trolls
  A spark wasp zombie (Hell)
  5 ironbrand convokers (Desolation)
  2 wizards
  7 deep elf archers
  3 orc knights
  An anaconda skeleton (Hell)
  A harpy (shapeshifter) (D:14)
  3 harpies (Depths:1)
  36 deep elf magi
  8 necromancers
  An orange crystal statue (Depths:1)
  A stone giant zombie (Hell)
  Pikel (D:4)
  2 frost giant zombies
  A tengu skeleton (Depths:4)
  3 fire giant zombies
  8 orc sorcerers
  An oklob plant (Lair:6)
  An iron dragon zombie (Depths:4)
  18 ugly things
  A moth of wrath (shapeshifter) (Depths:3)
  A salamander (Depths:1)
  A shining eye (shapeshifter) (Depths:2)
  7 cyclopes
  7 guardian serpents (Desolation)
  14 manticores
  A cyclops (shapeshifter) (Depths:2)
  20 elephants
  A smoke demon (Hell)
  8 rust devils
  2 molten gargoyles
  3 black mambas
  2 orange demons (Hell)
  11 spiny frogs
  2 torpor snails
  2 gargoyles
  2 kobold demonologists
  11 rime drakes
  15 yaktaurs
  5 komodo dragons
  A hellwing (Depths:1)
  A guardian mummy (D:15)
  A hydra zombie (Hell)
  3 ice devils (Depths:2)
  A jumping spider (shapeshifter) (Depths:2)
  A queen bee (D:10)
  3 red devils
  13 hornets
  A meliai (shapeshifter) (Depths:3)
  A troll (shapeshifter) (Elf:3)
  Prince Ribbit (Lair:2)
  12 trolls
  5 dream sheep (Lair:5)
  12 slime creatures
  A blink frog (shapeshifter) (Depths:1)
  A dream sheep (shapeshifter) (Depths:2)
  2 fire dragon zombies
  2 spriggan zombies
  62 saltlings
  A hydra skeleton (Hell)
  2 deep troll zombies (Hell)
  7 blink frogs
  7 hippogriffs
  2 ice dragon zombies (Hell)
  11 spriggans
  A shadow (D:15)
  A centaur simulacrum (D:15)
  4 air elementals
  An ettin skeleton (D:15)
  11 water elementals
  A wyvern (Lair:5)
  42 yaks
  5 basilisks
  A basilisk (shapeshifter) (Depths:2)
  7 fire bats (Lair:4)
  A hog (D:12)
  A hungry ghost (D:7)
  10 humans (D:13)
  7 fire elementals
  10 steam dragons
  Menkaure (D:7)
  A swamp worm (Lair:2)
  A naga (shapeshifter) (Depths:3)
  9 wargs
  A naga (Lair:3)
  5 hell hounds (Depths:1)
  16 water moccasins
  A soldier ant (shapeshifter) (Depths:5)
  A floating eye (Depths:2)
  2 hydra simulacra (Hell)
  A spiny frog zombie (Hell)
  13 porcupines
  5 sky beasts
  14 ice beasts
  20 orc warriors
  4 phantoms
  A spiny frog skeleton (Hell)
  2 black bears
  5 necrophages
  46 ogres
  3 eyes of draining
  A boggart (Depths:3)
  A wolf (Lair:3)
  23 centaurs
  13 crocodiles
  3 big kobolds
  16 bullfrogs
  5 earth elementals
  A water moccasin zombie (D:8)
  A wyvern zombie (D:10)
  6 scorpions
  15 killer bees
  A howler monkey (shapeshifter) (Depths:2)
  19 wights
  4 electric eels
  3 howler monkeys
  3 centaur zombies
  A quasit (D:8)
  11 crimson imps
  A bullfrog zombie (D:10)
  6 centaur skeletons
  3 jellies
  A gnoll shaman (D:5)
  19 orc priests
  Crazy Yiuf (D:5)
  5 hounds
  4 bullfrog skeletons
  Jessica (D:2)
  4 iguanas
  26 orc wizards
  5 hell rats
  10 worker ants
  A killer bee zombie (D:8)
  A hound zombie (D:8)
  A hound skeleton (D:9)
  2 mummies (D:8)
  A worker ant zombie (D:7)
  12 adders
  16 gnolls
  4 shadow imps
  3 adder skeletons
  5 worms
  2 dart slugs
  A leopard gecko (D:4)
  106 orcs
  7 giant cockroaches
  13 goblins
  7 hobgoblins
  5 jackals
  22 kobolds
  5 quokkas
  A ball python (D:3)
  4 bats
  6 frilled lizards
  6 rats
  4 plants (Lair:6)
1500 creatures vanquished.

Vanquished Creatures (collateral kills)
  An orc warlord (Orc:2)
  An imperial myrmidon (Desolation)
  A hell knight (Hell)
  An orc sorcerer (Orc:2)
  An orc warrior (Orc:2)
  An orc priest (Orc:2)
  2 orcs (Orc:2)
8 creatures vanquished.

Vanquished Creatures (others)
  A worm (D:4)
  10 fungi
  11 plants
22 creatures vanquished.

Grand Total: 1530 creatures vanquished

Notes
Turn   | Place    | Note
-------+----------+-------------------------------------------
     0 | D:1      | Mgcat the Minotaur Hunter began the quest for the Orb.
     0 | D:1      | Reached XP level 1. HP: 18/18 MP: 0/0
    52 | D:1      | Reached skill level 1 in Stealth
   202 | D:1      | Reached XP level 2. HP: 22/25 MP: 1/1
   297 | D:1      | Reached skill level 3 in Fighting
   297 | D:1      | HP: 6/26 [hobgoblin/cursed -2 club (6)]
   648 | D:1      | Reached skill level 1 in Maces & Flails
   844 | D:2      | Noticed an ogre
   860 | D:2      | Killed an ogre
   860 | D:2      | Reached skill level 4 in Fighting
   860 | D:2      | Reached skill level 2 in Maces & Flails
   860 | D:2      | Reached skill level 2 in Stealth
   860 | D:2      | Reached XP level 3. HP: 23/33 MP: 2/2
   860 | D:2      | Reached XP level 4. HP: 28/40 MP: 3/3
  1150 | D:2      | Noticed Jessica
  1167 | D:2      | Killed Jessica
  1167 | D:2      | Reached skill level 3 in Maces & Flails
  1167 | D:2      | Reached XP level 5. HP: 46/47 MP: 4/4
  1185 | D:2      | Found a glowing golden altar of the Shining One.
  1394 | D:2      | Found a shadowy altar of Dithmenos.
  1399 | D:2      | Found a blossoming altar of Fedhas.
  1410 | D:2      | Found an ornate altar of the Wu Jian Council.
  1425 | D:2      | Found a stormy altar of Qazlal.
  1431 | D:2      | Became a worshipper of Dithmenos the Shadowed
  2007 | D:3      | Found a glowing silver altar of Zin.
  2069 | D:3      | Found a bloodstained altar of Trog.
  2563 | D:4      | Noticed a phantom
  2601 | D:4      | Killed a phantom
  2601 | D:4      | Reached skill level 3 in Stealth
  2601 | D:4      | Reached skill level 1 in Invocations
  2601 | D:4      | Reached XP level 6. HP: 31/55 MP: 4/6
  2779 | D:4      | Reached skill level 5 in Fighting
  2800 | D:4      | Reached skill level 4 in Maces & Flails
  2974 | D:4      | Reached * piety under Dithmenos
  2976 | D:4      | Reached skill level 2 in Invocations
  3065 | D:4      | Found Hirphyqeu's Antique Armour Shoppe.
  3075 | D:4      | Bought a pair of boots for 94 gold pieces
  3116 | D:4      | HP: 13/56 [ogre/+0 giant spiked club (13)]
  3122 | D:4      | HP: 12/56 [goblin/+0 club (2)]
  3129 | D:4      | HP: 13/56 [goblin/stone (1)]
  3360 | D:4      | Reached XP level 7. HP: 60/61 MP: 7/7
  3383 | D:4      | Noticed Pikel
  3401 | D:4      | Killed Pikel
  3401 | D:4      | Reached skill level 5 in Maces & Flails
  3401 | D:4      | Reached skill level 4 in Stealth
  3401 | D:4      | Reached skill level 3 in Invocations
  3419 | D:4      | Noticed a hippogriff
  3433 | D:4      | Killed a hippogriff
  3433 | D:4      | Reached skill level 6 in Maces & Flails
  3433 | D:4      | Reached skill level 4 in Invocations
  3433 | D:4      | Reached XP level 8. HP: 32/68 MP: 8/10
  3583 | D:4      | Found a staircase to the Ecumenical Temple.
  3611 | D:4      | Reached skill level 5 in Stealth
  4237 | D:5      | Entered Level 5 of the Dungeon
  4297 | D:5      | Reached skill level 5 in Invocations
  4499 | D:5      | Reached skill level 7 in Maces & Flails
  4530 | D:5      | Paralysed by a centaur for 3 turns
  4785 | D:5      | Found an ancient bone altar of Kikubaaqudgha.
  5028 | D:5      | Found a runed translucent door.
  5029 | D:5      | Noticed Crazy Yiuf
  5228 | D:6      | HP: 15/68 [orc wizard/puff of flame (11)]
  5229 | D:6      | HP: 3/68 [orc priest/divine providence (12)]
  5579 | D:6      | Found a hazy altar of Hepliaklqana.
  5604 | D:6      | Reached skill level 6 in Stealth
  5632 | D:6      | Found a shattered altar of Ashenzari.
  5632 | D:6      | Found a snail-covered altar of Cheibriados.
  5643 | D:6      | Reached ** piety under Dithmenos
  5643 | D:6      | Reached XP level 9. HP: 65/74 MP: 12/12
  5669 | D:6      | Reached skill level 6 in Invocations
  5677 | D:6      | Reached skill level 8 in Maces & Flails
  5923 | D:6      | Found a burning altar of Makhleb.
  6067 | D:6      | Found a snail-covered altar of Cheibriados.
  6079 | D:6      | Found a sparkling altar of Nemelex Xobeh.
  6542 | D:7      | Noticed Menkaure
  6551 | D:7      | Killed Menkaure
  6633 | D:7      | Reached *** piety under Dithmenos
  6634 | D:7      | Reached skill level 7 in Stealth
  6683 | D:7      | Reached skill level 9 in Maces & Flails
  6789 | D:7      | Reached skill level 7 in Invocations
  6860 | D:7      | Noticed Harold
  6915 | D:7      | Killed Harold
  6915 | D:7      | Reached XP level 10. HP: 56/81 MP: 14/14
  7183 | D:7      | Reached skill level 10 in Maces & Flails
  7484 | D:8      | Reached skill level 8 in Invocations
  7566 | D:8      | Reached skill level 8 in Stealth
  7801 | D:8      | Reached **** piety under Dithmenos
  8210 | D:4      | Bought a shiny scale mail for 147 gold pieces
  8210 | D:4      | Bought a cloak for 94 gold pieces
  9053 | D:9      | Found Etein's General Store.
  9171 | D:9      | Reached skill level 11 in Maces & Flails
  9605 | D:9      | Reached skill level 9 in Invocations
 10124 | D:10     | Entered Level 10 of the Dungeon
 10124 | D:10     | Found a transporter.
 10191 | D:10     | Found a transporter.
 10193 | D:10     | Noticed Yuikono's ghost (journeyman DsNe)
 10288 | D:10     | Reached ***** piety under Dithmenos
 10294 | D:10     | Reached skill level 9 in Stealth
 10396 | D:10     | Found a staircase to the Orcish Mines.
 10413 | D:10     | Reached XP level 11. HP: 67/85 MP: 16/16
 10882 | D:10     | Found a white marble altar of Elyvilon.
 11190 | D:11     | Found a staircase to the Lair.
 11192 | D:11     | Noticed a green ugly thing
 11204 | D:11     | Killed a green ugly thing
 11406 | D:11     | Reached skill level 1 in Evocations
 11474 | D:11     | Killed an unseen horror
 11474 | D:11     | Reached skill level 12 in Maces & Flails
 11552 | D:11     | Noticed a purple ugly thing
 11620 | D:11     | Killed a purple ugly thing
 11620 | D:11     | Reached skill level 10 in Invocations
 11620 | D:11     | Reached skill level 2 in Evocations
 11662 | D:11     | Noticed a two-headed ogre
 11668 | D:11     | Killed a two-headed ogre
 11868 | D:11     | Noticed a purple ugly thing
 11873 | D:11     | Noticed a wizard
 11874 | D:11     | Noticed a five-headed hydra
 11884 | D:11     | Killed a purple ugly thing
 11884 | D:11     | Reached skill level 1 in Armour
 11884 | D:11     | Reached skill level 3 in Evocations
 11890 | D:11     | Killed a wizard
 11890 | D:11     | Reached skill level 10 in Stealth
 11897 | D:11     | Killed a five-headed hydra
 11897 | D:11     | Reached skill level 2 in Armour
 11897 | D:11     | Reached skill level 3 in Dodging
 12085 | D:11     | Reached skill level 6 in Fighting
 12085 | D:11     | Reached skill level 3 in Armour
 12299 | D:11     | Reached skill level 4 in Dodging
 12334 | D:11     | Reached skill level 4 in Evocations
 12691 | D:12     | Reached XP level 12. HP: 96/96 MP: 18/18
 12714 | Lair:1   | Entered Level 1 of the Lair of Beasts
 12750 | Lair:1   | Noticed Erica
 13152 | Lair:1   | Got a jewelled leather armour
 13256 | Lair:1   | Noticed a five-headed hydra
 13267 | Lair:1   | Killed a five-headed hydra
 13267 | Lair:1   | Reached skill level 4 in Armour
 13514 | Lair:1   | Killed Erica
 13950 | D:4      | Bought a runed scale mail for 147 gold pieces
 14233 | Lair:2   | Reached skill level 7 in Fighting
 14241 | Lair:2   | Reached skill level 5 in Dodging
 14347 | Lair:2   | Noticed a seven-headed hydra
 14361 | Lair:2   | Killed a seven-headed hydra
 14361 | Lair:2   | Reached skill level 5 in Armour
 14369 | Lair:2   | Reached skill level 5 in Evocations
 14695 | Lair:2   | Reached skill level 8 in Fighting
 14695 | Lair:2   | Reached skill level 6 in Armour
 14695 | Lair:2   | Reached skill level 6 in Dodging
 15218 | Lair:2   | Noticed Prince Ribbit
 15230 | Lair:2   | Killed Prince Ribbit
 15232 | Lair:2   | Reached skill level 6 in Evocations
 15234 | Lair:2   | Reached ****** piety under Dithmenos
 15299 | Lair:2   | Noticed an eight-headed hydra
 15305 | Lair:2   | Killed an eight-headed hydra
 15341 | Lair:2   | Reached skill level 7 in Armour
 15488 | Lair:2   | Found a staircase to the Swamp.
 15715 | Lair:3   | Reached skill level 7 in Dodging
 15730 | Lair:3   | Reached skill level 9 in Fighting
 15793 | Lair:3   | Reached XP level 13. HP: 89/111 MP: 19/19
 16454 | Lair:3   | Got a jewelled chain mail
 16465 | Lair:3   | Identified the +7 chain mail "Wioxkaire" {rN+++ rCorr
                  | Dex-3} (You found it on level 3 of the Lair of Beasts)
 16470 | Lair:3   | Found a staircase to the Snake Pit.
 16985 | Lair:4   | Reached skill level 8 in Armour
 17143 | Lair:4   | You fall through a shaft for 2 floors!
 17143 | Lair:6   | Entered Level 6 of the Lair of Beasts
 17220 | Lair:6   | Reached skill level 7 in Evocations
 17347 | Lair:6   | Reached skill level 8 in Dodging
 17449 | Lair:6   | Reached skill level 10 in Fighting
 18145 | Lair:5   | Reached skill level 9 in Armour
 18653 | Lair:5   | Noticed a fire dragon
 18674 | Lair:5   | Killed a fire dragon
 18674 | Lair:5   | Reached XP level 14. HP: 104/122 MP: 20/20
 18923 | Lair:5   | Reached skill level 9 in Dodging
 18977 | Lair:5   | Found a staircase to the Slime Pits.
 19978 | Lair:6   | Reached skill level 13 in Maces & Flails
 19978 | Lair:6   | Reached skill level 8 in Evocations
 20203 | Lair:6   | Noticed Snorg
 20217 | Lair:6   | Killed Snorg
 20255 | Lair:6   | Noticed Rupert
 20267 | Lair:6   | Killed Rupert
 20267 | Lair:6   | Reached skill level 11 in Fighting
 20267 | Lair:6   | Reached skill level 1 in Shields
 20398 | Lair:6   | Reached skill level 2 in Shields
 20612 | Orc:1    | Entered Level 1 of the Orcish Mines
 20633 | Orc:1    | Noticed an orc warlord
 20641 | Orc:1    | Reached skill level 10 in Armour
 20649 | Orc:1    | Killed an orc warlord
 20687 | Orc:1    | Reached skill level 11 in Stealth
 20956 | Orc:1    | Reached skill level 3 in Shields
 21197 | Orc:2    | Entered Level 2 of the Orcish Mines
 21197 | Orc:2    | Found a burning altar of Makhleb.
 21229 | Orc:2    | Noticed Nessos
 21239 | Orc:2    | Killed Nessos
 21317 | Orc:2    | Reached skill level 10 in Dodging
 21323 | Orc:2    | Reached skill level 4 in Shields
 21362 | Orc:2    | Found Roogidwa's Distillery.
 21363 | Orc:2    | Found Yzew's General Store.
 21467 | Orc:2    | Reached XP level 15. HP: 102/132 MP: 21/21
 21471 | Orc:2    | Reached skill level 9 in Evocations
 21504 | Orc:2    | Found a flickering gateway to a bazaar.
 21510 | Bazaar   | Entered a bazaar
 21516 | Bazaar   | Found Inenawiasi's Book Shop.
 21543 | Bazaar   | Found Nagusch's Gadget Shop.
 21551 | Bazaar   | Bought a wand of clouds (4) for 336 gold pieces
 21622 | Orc:2    | Found Fahybb's Weapon Emporium.
 21631 | Orc:2    | Found Qauxtaf's Gadget Shop.
 21649 | Orc:2    | Found a staircase to the Elven Halls.
 21725 | Orc:2    | Noticed an orc warlord
 21731 | Orc:2    | Reached skill level 12 in Fighting
 21754 | Orc:2    | Killed an orc warlord
 21815 | Orc:2    | Reached skill level 14 in Maces & Flails
 22858 | Orc:2    | Bought the +1 cloak of Fanameugg {Str+2} for 310 gold
                  | pieces
 22991 | D:12     | Found a shattered altar of Ashenzari.
 23003 | D:12     | Noticed Kirke
 23025 | D:12     | Killed Kirke
 23821 | D:13     | Found Kuqe's Book Boutique.
 24497 | D:13     | Found a gate to the Vaults.
 24764 | D:14     | Reached skill level 12 in Stealth
 25166 | D:14     | Reached skill level 13 in Fighting
 25166 | D:14     | Reached skill level 10 in Evocations
 25214 | D:14     | Found Lewnas's Magic Scroll Emporium.
 25235 | D:14     | Bought a scroll of blinking for 97 gold pieces
 25440 | D:14     | Got a black opal-studded chain mail
 25441 | D:14     | Identified the +6 chain mail of a Labyrinth {rCorr Int+2}
                  | (You found it on level 14 of the Dungeon)
 25619 | D:15     | Entered Level 15 of the Dungeon
 26006 | D:15     | Found a staircase to the Depths.
 26026 | D:15     | Reached skill level 15 in Maces & Flails
 26498 | Elf:1    | Entered Level 1 of the Elven Halls
 26498 | Elf:1    | Found Piro's Assorted Antiques.
 26507 | Elf:1    | Bought a scroll of enchant armour for 120 gold pieces
 26507 | Elf:1    | Bought a jasper-encrusted chain mail for 152 gold pieces
 26507 | Elf:1    | Identified the +14 chain mail of Immorality {rC+++ Str-4
                  | Int+9 Dex-2} (You bought it in a shop on level 1 of the
                  | Elven Halls)
 26542 | Elf:1    | Found a radiant altar of Vehumet.
 26702 | Elf:1    | Reached XP level 16. HP: 145/145 MP: 22/22
 26996 | Elf:1    | Reached skill level 14 in Fighting
 27067 | Elf:1    | Identified the Catalogue of Attacks
 27331 | Elf:2    | Found a ruined gateway.
 27342 | Elf:2    | Reached skill level 13 in Stealth
 27379 | Desolati | Entered the Desolation of Salt
 27890 | Desolati | Identified the Compendium of the Shifting Entourage
 28014 | Desolati | Reached skill level 15 in Fighting
 28399 | Desolati | Reached skill level 14 in Stealth
 28584 | Desolati | HP: 26/149 [imperial myrmidon/+0 scimitar (14)]
 28590 | Desolati | HP: 33/149 [imperial myrmidon/+0 scimitar (16)]
 28598 | Desolati | HP: 17/149 [imperial myrmidon/+0 scimitar (8)]
 28681 | Desolati | Got a coiled iron ring
 28682 | Desolati | Identified the Catalogue of the Mutagenic Glacier
 28688 | Desolati | Identified the ring of Bafautt {*Tele rF+ Int-2 Stlth+}
                  | (You found it in the Desolation of Salt)
 29146 | Desolati | Got a pitted leather armour
 29148 | Desolati | Got a scorched tin amulet
 29150 | Desolati | Identified the amulet "Gabim" {Inacc Int+9} (You found it
                  | in the Desolation of Salt)
 29201 | Desolati | Reached skill level 15 in Stealth
 29355 | Desolati | Reached skill level 1 in Bows
 29409 | Desolati | Reached skill level 2 in Bows
 29573 | Desolati | Reached XP level 17. HP: 147/156 MP: 23/23
 29641 | Desolati | Reached skill level 3 in Bows
 29693 | Desolati | Got a crude shortbow
 29694 | Desolati | Identified the cursed +1 shortbow of Strategic Superiority
                  | {velocity, Dex+4} (You found it in the Desolation of Salt)
 31172 | Elf:2    | Found Tohein's Assorted Antiques.
 31175 | Elf:2    | Reached skill level 4 in Bows
 31190 | Elf:2    | Reached skill level 5 in Bows
 31264 | Elf:2    | Bought a scroll of enchant armour for 292 gold pieces
 31378 | Elf:2    | Got an encrusted whip
 31379 | Elf:2    | Identified the +9 whip of Yleizxun {holy, rC+++ Stlth+}
                  | (You found it on level 2 of the Elven Halls)
 31448 | Elf:2    | Reached skill level 6 in Bows
 31467 | Elf:2    | Found a runed translucent gate.
 31467 | Elf:2    | Found a runed translucent gate.
 31467 | Elf:2    | Found a runed translucent gate.
 31501 | Elf:2    | Reached skill level 7 in Bows
 31516 | Elf:2    | Reached skill level 8 in Bows
 31659 | Elf:2    | Reached skill level 9 in Bows
 32128 | Elf:3    | Entered Level 3 of the Elven Halls
 32295 | Elf:3    | Reached skill level 10 in Bows
 32392 | Elf:3    | HP: 39/156 [deep elf knight/orb of energy (24)]
 32393 | Elf:3    | HP: 19/156 [poisoned by a deep elf knight]
 32406 | Elf:3    | HP: 29/156 [deep elf archer/arrow (23)]
 32792 | Elf:2    | Noticed a deep elf blademaster
 32805 | Elf:2    | Killed a deep elf blademaster
 32809 | Elf:2    | Reached skill level 11 in Bows
 33128 | Elf:3    | Reached skill level 12 in Bows
 33721 | Elf:3    | Gained mutation: You tend to lose your temper in combat. [a
                  | neqoxec]
 33840 | Elf:3    | Reached skill level 13 in Bows
 34408 | Elf:2    | Reached skill level 14 in Bows
 34953 | Elf:2    | Reached skill level 15 in Bows
 35824 | Elf:3    | Noticed a deep elf master archer
 35881 | Elf:3    | Killed a deep elf master archer
 36060 | Elf:3    | Identified the +6 great sword "Ickoj" {protect, *Drain
                  | Int+4 Stlth+}
 36172 | Elf:3    | Reached skill level 16 in Bows
 36209 | Elf:3    | Reached XP level 18. HP: 116/163 MP: 24/24
 36364 | Elf:3    | Identified the cursed +0 ring mail of the Princess {rF+
                  | rCorr Int+4}
 36627 | Elf:3    | Identified the +5 morningstar of Ilojikhi {crush, rN+}
 36772 | Elf:3    | Identified the Papyrus of the Creative Glacier
 36785 | Elf:3    | Identified Buenat's Guide on Poisoning
 36887 | Elf:3    | Identified Ducebbimn's Compendium of Supportive Attacks
 37152 | Depths:1 | Entered Level 1 of the Depths
 37166 | D:15     | Reached skill level 17 in Bows
 37544 | D:15     | HP: 33/163 [vampire knight/+1 great sword (10)]
 38657 | Depths:1 | Reached skill level 18 in Bows
 38921 | Depths:1 | Found a gateway to a ziggurat.
 39655 | Depths:1 | Found a one-way gate leading to the halls of Pandemonium.
 40047 | Depths:1 | Found a gateway to Hell.
 40670 | Depths:2 | Reached skill level 16 in Maces & Flails
 40811 | Depths:2 | Reached skill level 19 in Bows
 40976 | Depths:2 | Reached XP level 19. HP: 117/170 MP: 25/25
 41983 | Depths:2 | Reached skill level 20 in Bows
 42390 | Depths:2 | Reached skill level 11 in Armour
 42625 | Depths:2 | Noticed Margery
 42637 | Depths:2 | Killed Margery
 42637 | Depths:2 | Reached skill level 16 in Fighting
 42851 | Depths:2 | Found a one-way gate to the infinite horrors of the Abyss.
 43252 | Depths:2 | Reached skill level 12 in Armour
 43601 | Depths:2 | Reached XP level 20. HP: 183/183 MP: 26/26
 43650 | Depths:3 | Reached skill level 17 in Fighting
 44156 | D:13     | Bought a book of the Warp for 1170 gold pieces
 44160 | D:13     | Learned a level 3 spell: Portal Projectile
 44434 | Depths:3 | Reached skill level 1 in Spellcasting
 44434 | Depths:3 | Reached skill level 1 in Hexes
 44434 | Depths:3 | Reached skill level 1 in Translocations
 45253 | Depths:3 | Reached skill level 2 in Translocations
 45434 | Depths:3 | Reached skill level 2 in Spellcasting
 45434 | Depths:3 | Reached skill level 2 in Hexes
 45434 | Depths:3 | Reached XP level 21. HP: 163/192 MP: 27/27
 46230 | Depths:3 | Reached skill level 13 in Armour
 46370 | Depths:3 | Noticed a juggernaut
 46381 | Depths:3 | Killed a juggernaut
 46381 | Depths:3 | Reached skill level 3 in Translocations
 47049 | Depths:4 | Reached skill level 3 in Spellcasting
 47049 | Depths:4 | Reached skill level 3 in Hexes
 48130 | Depths:4 | Reached skill level 18 in Fighting
 48145 | Depths:4 | Reached skill level 4 in Translocations
 48314 | Depths:4 | Noticed a juggernaut
 48336 | Depths:4 | Killed a juggernaut
 48336 | Depths:4 | Reached skill level 4 in Spellcasting
 48343 | Depths:4 | Found the +9 staff of Wucad Mu {channel}
 48383 | Depths:4 | Identified a +1 pair of boots of running (You found it on
                  | level 4 of the Depths)
 48473 | Depths:4 | Reached skill level 4 in Hexes
 49244 | Depths:5 | Entered Level 5 of the Depths
 49393 | Depths:5 | Found Waliroc's Magic Scroll Boutique.
 49407 | Depths:5 | Found Elofya's Weapon Shop.
 49486 | Depths:5 | Reached skill level 14 in Armour
 49540 | Depths:5 | Noticed Xtahua
 49787 | Depths:5 | Killed Xtahua
 49915 | Depths:5 | Noticed a golden dragon
 49932 | Depths:5 | Killed a golden dragon
 50301 | Depths:5 | Found a gate to the Realm of Zot.
 50548 | Depths:5 | Reached XP level 22. HP: 84/203 MP: 29/29
 50826 | Depths:5 | Reached skill level 5 in Translocations
 52432 | Orc:2    | Bought a potion of mutation for 88 gold pieces
 52432 | Orc:2    | Bought a potion of might for 44 gold pieces
 52432 | Orc:2    | Bought a potion of invisibility for 88 gold pieces
 52442 | Orc:2    | Bought a phantom mirror for 360 gold pieces
 52752 | D:5      | Killed Crazy Yiuf
 52950 | D:10     | Killed Yuikono's ghost
 53525 | Hell     | Entered the Vestibule of Hell
 53583 | Hell     | Noticed Geryon
 53942 | Depths:2 | Reached skill level 5 in Spellcasting
 54458 | Depths:2 | Reached skill level 5 in Hexes
 54835 | Hell     | HP: 38/204 [sun demon (20)]
 55261 | Hell     | HP: 36/204 [reaper/+3 scythe of protection (18)]
 55261 | Hell     | HP: 15/204 [reaper/+1 scythe of slicing (21)]
 55651 | Hell     | Noticed an ancient lich
 55656 | Hell     | HP: 32/204 [reaper/+3 scythe of protection (22)]
 55656 | Hell     | HP: 8/204 [stone giant zombie (24)]
 56921 | Hell     | HP: 50/204 [golden dragon zombie (13)]
 57839 | Depths:2 | Gained mutation: Your body sometimes deteriorates upon
                  | taking damage. [a cacodemon]
 58191 | Depths:2 | Killed an ancient lich
 59513 | Hell     | Reached skill level 15 in Armour
 59890 | Hell     | Reached skill level 6 in Translocations
 61363 | Hell     | HP: 49/204 [eight-headed hydra simulacrum (6)]
 61365 | Hell     | HP: 23/204 [anaconda zombie (7)]
 61675 | Hell     | Reached skill level 19 in Fighting
 61715 | Hell     | Found a gateway to the freezing wastes of Cocytus.
 63050 | Hell     | HP: 40/205 [hell beast[Geryon] (17)]
 63053 | Hell     | HP: 18/205 [Geryon (18)]
 63054 | Hell     | HP: 7/205 [hell beast[Geryon] (11)]
 63054 | Hell     | HP: 2/205 [hell beast[Geryon] (5)]
 63055 | Hell     | Slain by a hell beast

Skill      XL: |  1  2  3  4  5  6  7  8  9 10 11 12 13 14 15 16 17 18 19 20 21 22 |
---------------+-------------------------------------------------------------------+-----
Stealth        | 1 2 3 4 6 7 9 10 11 12 15 | 15.0
Fighting       | 4 5 6 9 10 11 13 15 16 17 18 19 | 19.0
Maces & Flails | 2 3 4 6 7 9 11 12 13 15 16 | 16.0
Invocations    | 1 2 4 5 7 9 10 | 10.6
Evocations     | 4 6 7 8 10 | 10.0
Armour         | 3 7 9 10 12 14 15 | 15.0
Dodging        | 4 7 8 10 | 10.2
Shields        | 4 |  4.0
Bows           | 2 16 19 20 | 20.0
Spellcasting   | 2 4 5 |  5.7
Hexes          | 2 4 5 |  5.7
Translocations | 2 4 6 |  6.2
Throwing       | |  4.0

Action                   |  1- 3 |  4- 6 |  7- 9 | 10-12 | 13-15 | 16-18 | 19-21 | 22-24 || total
-------------------------+-------+-------+-------+-------+-------+-------+-------+-------++-------
Melee: Short sword       |    24 |       |       |       |       |       |       |       ||    24
       Club              |    34 |    12 |       |       |       |       |       |       ||    46
       Headbutt          |     9 |    28 |    71 |   138 |   310 |   264 |    32 |   102 ||   954
       Mace              |       |   159 |    29 |       |       |       |       |       ||   188
       Whip              |       |       |   280 |       |       |       |       |       ||   280
       Flail             |       |       |    81 |   279 |       |       |       |       ||   360
       Demon whip        |       |       |       |   490 |  1466 |   914 |       |       ||  2870
       Morningstar       |       |       |       |       |       |   131 |   123 |   292 ||   546
 Fire: Longbow           |       |       |       |       |       |   629 |  1053 |   264 ||  1946
Throw: Javelin           |     3 |       |       |     3 |     5 |    11 |       |       ||    22
 Cast: Portal Projectile |       |       |       |       |       |       |       |     4 ||     4
Invok: Shadow Step       |       |       |       |       |       |     1 |       |       ||     1
Evoke: Wand              |       |       |     5 |     7 |    15 |    20 |     4 |     7 ||    58
       Phial of floods   |       |       |       |       |     1 |     2 |       |     1 ||     4
       Sack of spiders   |       |       |       |       |     1 |       |       |     2 ||     3
       Phantom mirror    |       |       |       |       |       |     1 |       |     3 ||     4
       Lamp of fire      |       |       |       |       |       |       |       |     4 ||     4
       Box of beasts     |       |       |       |       |       |       |       |     1 ||     1
  Use: Scroll            |       |     1 |    11 |    11 |    17 |    11 |     4 |     8 ||    63
       Potion            |       |     2 |     1 |     1 |     2 |    11 |     2 |    12 ||    31
 Stab: Paralysed         |       |       |    10 |       |     3 |       |       |       ||    13
       Sleeping          |       |       |       |    29 |    16 |    15 |       |       ||    60
       Distracted        |       |       |       |     1 |       |     3 |       |       ||     4
  Eat: Chunk             |       |     8 |     8 |    16 |    13 |    22 |    24 |     1 ||    92
       Ration            |       |       |     1 |     4 |     7 |     7 |     1 |    14 ||    34
Armor: Leather armour    |     7 |       |       |       |       |       |       |       ||     7
       Chain mail        |     7 |    42 |       |       |   331 |   386 |   205 |   660 ||  1631
       Plate armour      |       |    69 |   156 |    81 |       |       |       |       ||   306
       Scale mail        |       |       |       |   182 |     7 |       |       |       ||   189
Dodge: Dodged            |    34 |    57 |    86 |   291 |   826 |   780 |   303 |  1054 ||  3431
Block: Buckler           |       |       |       |       |   115 |    60 |       |       ||   175
       Other             |       |       |       |       |       |       |    19 |   247 ||   266
       Reflection        |       |       |       |       |       |       |       |     1 ||     1

Levels and vault maps discovered:
D:1:      onia_arrival_mini_spirals, layout_basic
D:2:      layout_loops_ring, nicolae_tso_carved_into_rock,
          grunt_temple_overflow_cloverleaf, first_ration, uniq_jessica
D:3:      wander_river, layout_basic, overflow_temple_1_default,
          lemuel_round_altar, serial_aquarium, aquarium_bridge_square
          [aquarium_subvault_wall, aquarium_subvault_bridge,
          aquarium_subvault_bridge, aquarium_subvault_wall],
          aquarium_bridge_square [aquarium_subvault_bridge,
          aquarium_subvault_wall, aquarium_subvault_window,
          aquarium_subvault_wall], aquarium_window_fake,
          aquarium_window_corridor_3, aquarium_window_1, aquarium_window_2,
          aquarium_view_2b, aquarium_view_2b, aquarium_pool_2
D:4:      layout_gridville, minmay_temple_entry_tees, serial_shops,
          nicolae_shop_waterfront, minmay_ogre_servants, uniq_pikel
D:5:      layout_rooms, basic_altar, grunt_ministairs_11, kennysheep_boxes,
          uniq_crazy_yiuf_cottage
D:6:      layout_basic, grunt_temple_overflow_open, lemuel_crystal_altar,
          lemuel_crystal_altar, cheibriados_altar_1
D:7:      layout_rooms, the_bakery, st_stairs_12, uniq_menkaure, uniq_harold
D:8:      layout_basic, serial_undead, serial_undead_a, serial_undead_a,
          serial_undead_c, serial_undead_a
D:9:      layout_loops_corners, serial_shops, shop
D:10:     layout_irregular_city, hiddenorc2_lemuel, gammafunk_ghost_hive,
          elyvilon_altar_3
D:11:     minmay_ice_pillars, layout_loops_ring, due_lair_maze_entry_diamond,
          hangedman_decor_diamond_cutter, grunt_ministairs_10,
          minmay_pinched_square
D:12:     layout_rooms, basic_altar, uniq_kirke
D:13:     layout_irregular_city, ximxim_vaults_locker_room, serial_shops, shop,
          chequers_serial_rivers_large_a
D:14:     layout_irregular_city, serial_shops, nicolae_shop_waterfront,
          minivault_27
D:15:     gammafunk_depths_entry_grave, layout_gridville
Lair:1:   cheibrodos_lair_river_kwai, layout_cave_pods, uniq_erica
Lair:2:   layout_misc_corridors, minmay_swamp_entry_worms, beast_lair_carwin_10,
          uniq_prince_ribbit2
Lair:3:   layout_cave_pods, guppyfry_snake_entry_island, beast_lair_carwin_3,
          grunt_megastairs_2
Lair:4:   layout_gridlike, st_stairs_7
Lair:5:   layout_roguey, minmay_slime_entry_pillars, bobbens_dragon_lair_wall,
          serial_bayou_shore_a
Lair:6:   due_jungle_book, layout_loops_ring, chequers_serial_rivers_small_3,
          nicolae_quartered_pool_super, uniq_rupert, uniq_snorg
Orc:1:    layout_diamond_mine
Orc:2:    st_orc_open, layout_caves, serial_shops, bzr_entry_safe, basic_altar,
          nicolae_orc_lava_room, uniq_nessos
Elf:1:    layout_geoelf_grid, serial_shops, shop, basic_altar,
          minmay_elf_annihilation
Elf:2:    layout_onion_city, portal_desolation_entry_salt, serial_shops,
          nicolae_shop_overgrown_old_shop, feat_on_display
Elf:3:    elf_hall_gauntlet_narrow, layout_geoelf_castle
Depths:1: layout_roguey [special_room_mythical_zoo], enter_ziggurat_e,
          hellmouth_1, pan_entry, minmay_misc_feat_pillars,
          dpeg_stationary_puzzle
Depths:2: grunt_arcs, layout_honeycomb, grunt_metal_band, abyss_entry,
          infiniplex_staircase_spiral_double
Depths:3: minmay_imperfect_grid, layout_gridlike, pan_entry, hell_entry,
          infiniplex_staircase_spiral
Depths:4: giant_chief_lemuel, layout_cave_pools, minmay_misc_feat_cross,
          pf_hell_entry_great_geh, abyss_entry, nrook_loot_triangle
Depths:5: evilmike_zot_entry_argh, layout_twisted_cross, hell_entry,
          minmay_shoptagon, serial_bayou_shore_b, uniq_xtahua
Hell
Bazaar:   bazaar_jpeg_cross
Desolation

Table legend:
 A = Turns spent in this place as a percentage of turns spent in the entire game.
 B = Non-inter-level travel turns spent in this place as a percentage of non-inter-level travel turns spent in the entire game.
 C = Inter-level travel turns spent in this place as a percentage of turns spent in this place.
 D = Turns resting spent in this place as a percentage of non-inter-level travel turns spent in this place.
 E = Turns spent auto-exploring this place as a percentage of non-inter-level travel turns spent in this place.
 F = Non-inter-level travel turns spent in this place divided by the number of levels of this place that you've seen.
                   A       B       C       D       E      F
               +-------+-------+-------+-------+-------+----------------------
         Total | 100.0 | 100.0 |  10.0 |  31.8 |  46.5 | 1668.2
       Dungeon |  31.7 |  29.7 |  15.8 |  16.2 |  62.5 | 1121.7
          Lair |  12.9 |  12.6 |  12.5 |   9.9 |  68.7 | 1188.8
  Orcish Mines |   3.4 |   2.7 |  27.8 |   1.0 |  54.3 | 776.5
   Elven Halls |  11.0 |  11.6 |   5.5 |  26.8 |  47.7 | 2193.7
        Depths |  34.1 |  35.8 |   5.5 |  51.9 |  31.4 | 4064.2
          Hell |   3.0 |   3.4 |   0.0 |  81.1 |   0.1 | 1902.0
        Bazaar |   0.1 |   0.1 |   0.0 |   0.0 |  71.4 |  56.0
    Desolation |   3.7 |   4.1 |   0.0 |  31.4 |  24.2 | 2348.0
               +-------+-------+-------+-------+-------+----------------------

Table legend:
 A = Kills in this place as a percentage of kills in entire the game.
 B = Kills by you in this place as a percentage of kills by you in the entire game.
 C = Kills by friends in this place as a percentage of kills by friends in the entire game.
 D = Other kills in this place as a percentage of other kills in the entire game.
 E = Experience gained in this place as a percentage of experience gained in the entire game.
 F = Experience gained in this place divided by the number of levels of this place that you have seen.
                   A       B       C       D       E      F
               +-------+-------+-------+-------+-------+----------------------
         Total | 100.0 | 100.0 | 100.0 |   N/A | 100.0 | 20086.2
       Dungeon |  33.4 |  33.6 |   0.0 |   N/A |  10.1 | 4585.2
          Lair |  12.4 |  12.4 |   0.0 |   N/A |   8.7 | 9908.8
  Orcish Mines |   9.1 |   8.8 |  75.0 |   N/A |   4.3 | 14774.5
   Elven Halls |   8.7 |   8.8 |   0.0 |   N/A |  15.1 | 34304.3
        Depths |  26.6 |  26.7 |   0.0 |   N/A |  51.3 | 70063.4
          Hell |   3.0 |   2.9 |  12.5 |   N/A |   2.9 | 19464.0
    Desolation |   6.8 |   6.8 |  12.5 |   N/A |   7.7 | 52456.0
               +-------+-------+-------+-------+-------+----------------------
